 Dungeon Crawl Stone Soup version 0.24-a0-653-g3936067ed8 (webtiles) character file.

Game seed: 4713708652537593391, levelgen mode: classic

573 Freitmort the Conjurer (level 7, 36/36 HPs)
             Began as a Deep Elf Conjurer on July 1, 2019.
             Quit the game on level 5 of the Dungeon on Sept 27, 2019.
             The game lasted 00:23:27 (4558 turns).

Freitmort the Conjurer (Deep Elf Conjurer)          Turns: 4558, Time: 00:23:27

Health: 36/36      AC:  5    Str:  7    XL:     7   Next: 12%
Magic:  19/19      EV: 13    Int: 20    God:
Gold:   173        SH:  0    Dex: 15    Spells: 16/19 levels left

rFire    + . .     SeeInvis .   h - +2 dagger (drain)
rCold    . . .     Gourm    .   (no shield)
rNeg     . . .     Faith    .   a - +1 robe
rPois    +         Spirit   .   (no helmet)
rElec    .         Reflect  .   b - +1 cloak
rCorr    .         Harm     .   (no gloves)
MR       .....                  (no boots)
Stlth    +++.......             (no amulet)
HPRegen  0.12/turn              n - ring of protection from fire
MPRegen  0.16/turn              f - ring of poison resistance

@: no status effects
A: no striking features
a: no special abilities


You were on level 5 of the Dungeon.
You were not hungry.

You visited 1 branch of the dungeon, and saw 5 of its levels.

You collected 173 gold pieces.

Inventory:

Hand Weapons
 h - a +2 dagger of draining (weapon)
Armour
 a - a +1 robe (worn)
 b - a +1 cloak (worn)
Jewellery
 f - a ring of poison resistance (right hand)
 n - a ring of protection from fire (left hand)
Scrolls
 g - a scroll of magic mapping
 m - a scroll of teleportation
Potions
 e - a potion of flight
 j - a potion of heal wounds
 k - a potion of ambrosia
 o - a potion of haste {unknown}
 q - 4 potions of curing {unknown}
Comestibles
 c - 4 rations


   Skills:
 + Level 2.9 Dodging
 + Level 4.3 Stealth
 + Level 6.8 Spellcasting
 + Level 7.1 Conjurations


You had 16 spell levels left.
You knew the following spells:

 Your Spells              Type           Power        Failure   Level  Hunger
a - Magic Dart            Conj           ####         1%          1    None
b - Searing Ray           Conj           #####.       1%          2    None

Your spell library contained the following spells:

 Spells                   Type           Power        Failure   Level  Hunger
 Iskenderun's Mystic Bla  Conj           #####...     4%          4    ###....
 Dazzling Spray           Conj/Hex       ###...       7%          3    #......
 Force Lance              Conj/Tloc      ###.....     22%         4    ###....
 Fulminant Prism          Conj/Hex       ###.......   22%         4    ###....


Dungeon Overview and Level Annotations

Branches:
Dungeon (5/15)
 Temple: D:4-7

Altars:

Annotations:
D:2 Sigmund


Message History

(D) Dungeon
Where to? (? - help)
There is a stone staircase leading down, spattered with blood here.
You climb downwards.
Found a ration.
There is a stone staircase leading up here.
Save game and exit?
Welcome back, Freitmort the Deep Elf Conjurer.
Press ? for a list of commands and other information.
Save game and exit?
Welcome back, Freitmort the Deep Elf Conjurer.
Press ? for a list of commands and other information.
f - a ring of poison resistance (right hand)
As you read the scroll of identify, it crumbles to dust.
k - a potion of ambrosia
c - 4 rations (gained 1)
Found a stone staircase leading down.
Found 21 stones.
A hound comes into view.
Are you sure you want to abandon this character and quit the game? (Confirm with "yes".)

#......................
####.#...#.....>........
#.#...#..........?...
#.#..................
#.#..##..............
#....................
#....##..#...........
......##..#.#.........
.......##..#.#.@.......
.......................
...........###..#......
.....# #.(..?....
.####.# #..###.... ....
...h .... .#. ..... .


You could see a hound (sleeping).

Vanquished Creatures
  A phantom (D:3)
  A bullfrog (D:3)
  A hound (D:4)
  An orc priest (D:4)
  Natasha (thrice) (D:4)
  5 worker ants (D:4)
  5 adders
  A shadow imp (D:4)
  An adder skeleton (D:4)
  4 worms
  3 dart slugs
  2 leopard geckos
  9 orcs
  6 bats
  8 giant cockroaches
  6 goblins
  9 hobgoblins
  10 jackals
  A quokka (D:3)
  A ball python (D:4)
  4 frilled lizards
  6 kobolds
  5 rats
93 creatures vanquished.

Notes
Turn   | Place    | Note
-------+----------+-------------------------------------------
     0 | D:1      | Freitmort the Deep Elf Conjurer began the quest for the
                  | Orb.
     0 | D:1      | Reached XP level 1. HP: 10/10 MP: 6/6
   282 | D:1      | Reached XP level 2. HP: 15/15 MP: 2/8
   632 | D:1      | Reached skill level 5 in Conjurations
  1011 | D:2      | Reached XP level 3. HP: 19/19 MP: 7/9
  1428 | D:2      | Noticed Sigmund
  2011 | D:3      | Learned a level 2 spell: Searing Ray
  2060 | D:3      | Reached XP level 4. HP: 24/24 MP: 8/11
  2168 | D:3      | Noticed a phantom
  2174 | D:3      | Killed a phantom
  2174 | D:3      | Reached skill level 6 in Conjurations
  2174 | D:3      | Reached XP level 5. HP: 19/28 MP: 4/13
  2616 | D:3      | Reached skill level 5 in Spellcasting
  2984 | D:4      | Reached XP level 6. HP: 32/32 MP: 10/16
  3377 | D:4      | Noticed Natasha
  3442 | D:4      | Killed Natasha
  3681 | D:4      | Noticed Natasha
  3770 | D:3      | Upgraded the game from 0.24-a0-462-ge24419a6ad to
                  | 0.24-a0-619-gb7544fd237
  3775 | D:4      | Killed Natasha
  3796 | D:4      | Noticed Natasha
  3801 | D:4      | Killed Natasha
  3801 | D:4      | Reached XP level 7. HP: 25/36 MP: 5/19
  4096 | D:4      | Reached skill level 7 in Conjurations
  4538 | D:5      | Entered Level 5 of the Dungeon
  4539 | D:5      | Upgraded the game from 0.24-a0-619-gb7544fd237 to
                  | 0.24-a0-653-g3936067ed8
  4558 | D:5      | Quit the game

Levels and vault maps discovered:
D:1:      dpeg_arrival_long_road, layout_loops_ring
D:2:      layout_rooms, uniq_sigmund
D:3:      layout_rooms
D:4:      layout_loops_cross, first_ration, uniq_natasha
D:5:      layout_basic, tso_metal_star, uniq_ijyb

Skill      XL: |  1  2  3  4  5  6  7 |
---------------+----------------------+-----
Conjurations   | 5 6 7 |  7.1
Stealth        | 3 4 |  4.3
Spellcasting   | 4 5 6 |  6.8
Dodging        | |  2.9

Action                   |  1- 3 |  4- 6 |  7- 9 || total
-------------------------+-------+-------+-------++-------
 Cast: Magic Dart        |   100 |    76 |     8 ||   184
       Searing Ray       |       |    19 |     4 ||    23
  Use: Scroll            |       |     9 |     2 ||    11
  Eat: Ration            |     1 |     2 |       ||     3
       Chunk             |     1 |       |       ||     1
Armor: Robe              |     4 |     6 |       ||    10
Dodge: Dodged            |    11 |    23 |     6 ||    40

Table legend:
 A = Non-vault XP
 B = Vault XP
 C = Vault XP percentage of total XP
 D = Non-vault monster count
 E = Vault monster count
 F = Vault count percentage of total count
                 A         B        C        D         E       F
            +---------+---------+-------+---------+---------+-------
      Total |     784 |      35 |   4.3 |      92 |       1 |   1.1
            +---------+---------+-------+---------+---------+-------
        D:1 |      24 |       0 |   0.0 |      12 |       0 |   0.0
        D:2 |      49 |       0 |   0.0 |      26 |       0 |   0.0
        D:3 |     292 |       0 |   0.0 |      28 |       0 |   0.0
        D:4 |     419 |      35 |   7.7 |      26 |       1 |   3.7
            +---------+---------+-------+---------+---------+-------
